 Dungeon Crawl Stone Soup version 0.25-a0-614-g73ad250637 (webtiles) character file.

Game seed: 5979713698574859846, levelgen mode: deterministic

67 Lugonue the Vexing (level 4, -2/25 HPs)
             Began as a Kobold Arcane Marksman on Mar 17, 2020.
             Slain by an orc priest
             ... wielding a +0 trident
              (6 damage)
             ... on level 3 of the Dungeon.
             The game lasted 00:04:30 (2991 turns).

Lugonue the Vexing (Kobold Arcane Marksman)         Turns: 2991, Time: 00:04:30

Health: -2/25      AC:  3    Str:  8    XL:     4   Next: 38%
Magic:  1/5        EV: 15    Int: 14    God:
Gold:   77         SH:  0    Dex: 15    Spells: 2/5 levels left

rFire    + . .     SeeInvis .   b - +1 dagger (elec)
rCold    + . .     Gourm    .   (shield restricted)
rNeg     . . .     Faith    .   j - +0 leather armour
rPois    +         Spirit   .   (no helmet)
rElec    +         Reflect  .   (no cloak)
rCorr    +         Harm     .   (no gloves)
MR       .....                  (no boots)
Stlth    ++........             (no amulet)
HPRegen  0.08/turn              (no ring)
MPRegen  0.09/turn              (no ring)

@: resistant
A: small, carnivore
a: no special abilities


You were on level 3 of the Dungeon.
You were full.

You visited 1 branch of the dungeon, and saw 3 of its levels.

You collected 77 gold pieces.

Inventory:

Hand Weapons
 a - a +0 hand crossbow
 b - a +1 dagger of electrocution (weapon)
Missiles
 d - 9 bolts
Armour
 e - a +0 robe
 j - a +0 leather armour (worn)
Scrolls
 c - 2 scrolls of remove curse {unknown}
 h - 6 scrolls of identify {unknown}
 l - a scroll of fog {unknown}
Potions
 g - a potion of flight {unknown}
 k - a potion of curing {unknown}
Comestibles
 f - 5 rations


   Skills:
 - Level 1.2 Fighting
 - Level 0.2 Short Blades
 - Level 3.2 Crossbows
 - Level 2.7 Dodging
 + Level 3.1 Stealth
 - Level 1.1 Spellcasting
 - Level 3.5 Hexes


You had 2 spell levels left.
You knew the following spells:

 Your Spells              Type           Power        Failure   Level  Hunger
a - Corona                Hex            ##.....      9%          1    ##.....
b - Slow                  Hex            ##......     13%         2    ###....

Your spell library contained the following spells:

 Spells                   Type           Power        Failure   Level  Hunger
 Inner Flame              Hex/Fire       #.......     50%         3    ####...
 Portal Projectile        Hex/Tloc       #.....       50%         3    ####...
 Cause Fear               Hex            ##........   65%         4    #####..
 Leda's Liquefaction      Hex/Erth       #.........   88%         4    #####..


Dungeon Overview and Level Annotations

Branches:
Dungeon (3/15)

Altars:
Ashenzari


Innate Abilities, Weirdness & Mutations

You are small and have problems with some larger weapons.
You are carnivorous and can eat meat at any time.


Message History

Aiming: Slow (safe; 13% risk of failure)
Press: ? - help, Shift-Dir - straight line, f - orc priest
Aim: an orc priest, wielding a +0 trident (chance to defeat MR: 46%)
The orc priest resists with some effort.
The orc priest closely misses you.
Casting: Slow (safe; 13% risk of failure)
Confirm with . or Enter, or press ? or * to list all spells.
Aiming: Corona (safe; 9% risk of failure)
Press: ? - help, Shift-Dir - straight line, f/p - orc priest
Aim: an orc priest, wielding a +0 trident (chance to defeat MR: 46%)
The orc priest is outlined in light.
The orc priest hits you from afar with a +0 trident.
The orc priest hits you with a +0 trident.
* * * LOW HITPOINT WARNING * * *
Items here: )) [ † a +0 club; a +0 ring mail; a +0 club; an orc corpse It was a potion of resistance.
You feel protected.
The orc priest hits you with a +0 trident.
You die... #.+...8. ..# .ooo

#.#.# ..# #.#.#
#.#
#.#.####.#####.
#.#.#...........
##.#.#.)#########
#...<#..#
#.#..@o.#
#....##.#######
##.#.##.......#
#.#.########.#
#.#..# #.# #.##.#
#.# ### #.##.#
#.# ##.## #.##.#
#.###.#.## #.##.#
#....###..


You could see an orc priest.

Vanquished Creatures
  An adder (D:3)
  A worm (D:2)
  2 dart slugs
  3 leopard geckos (D:1)
  4 orcs
  4 bats
  3 giant cockroaches (D:1)
  4 goblins (D:1)
  4 hobgoblins (D:1)
  2 jackals (D:1)
  A ball python (D:1)
  4 frilled lizards
  4 kobolds
  7 rats (D:1)
44 creatures vanquished.

Notes
Turn   | Place    | Note
-------+----------+-------------------------------------------
     0 | D:1      | Lugonue the Kobold Arcane Marksman began the quest for the
                  | Orb.
     0 | D:1      | Reached XP level 1. HP: 12/12 MP: 2/2
    83 | D:1      | Reached XP level 2. HP: 16/16 MP: 3/3
   203 | D:1      | Reached skill level 1 in Stealth
   345 | D:1      | Found a shattered altar of Ashenzari.
   359 | D:1      | Reached XP level 3. HP: 6/20 MP: 4/4
  1570 | D:1      | Learned a level 2 spell: Slow
  2240 | D:3      | Reached XP level 4. HP: 15/25 MP: 5/5
  2991 | D:3      | Slain by an orc priest

Levels and vault maps discovered:
D:1:      minmay_arrival_shattered_statue, layout_basic,
          chequers_serial_rivers_large_a, ashenzari_altar_1
D:2:      layout_basic, first_ration, serial_bayou_pond_d
D:3:      layout_loops_ring, serial_undead, serial_undead_e, serial_undead_a,
          serial_undead_b, serial_undead_e, grunt_ministairs_15,
          kennysheep_jessica_study

Skill      XL: |  1  2  3  4 |
---------------+-------------+-----
Stealth        | 1 2 3 |  3.1
Crossbows      | 3 |  3.2
Fighting       | |  1.2
Short Blades   | |  0.2
Dodging        | |  2.7
Spellcasting   | |  1.1
Hexes          | |  3.5

Action                   |  1- 3 |  4- 6 || total
-------------------------+-------+-------++-------
Melee: Dagger            |    73 |    18 ||    91
 Fire: Hand crossbow     |    61 |    15 ||    76
 Cast: Slow              |     1 |     1 ||     2
       Corona            |       |     2 ||     2
  Use: Potion            |       |     1 ||     1
 Stab: Sleeping          |     4 |       ||     4
  Eat: Chunk             |     9 |     2 ||    11
Armor: Robe              |    20 |       ||    20
       Leather armour    |     3 |     1 ||     4
Dodge: Dodged            |    80 |    20 ||   100

Table legend:
 A = Non-vault XP
 B = Vault XP
 C = Vault XP percentage of total XP
 D = Non-vault monster count
 E = Vault monster count
 F = Vault count percentage of total count
                 A         B        C        D         E       F
            +---------+---------+-------+---------+---------+-------
      Total |      82 |      14 |  14.6 |      39 |       5 |  11.4
            +---------+---------+-------+---------+---------+-------
        D:1 |      56 |       0 |   0.0 |      33 |       0 |   0.0
        D:2 |      10 |       6 |  37.5 |       3 |       2 |  40.0
        D:3 |      16 |       8 |  33.3 |       3 |       3 |  50.0
            +---------+---------+-------+---------+---------+-------
